 Dungeon Crawl Stone Soup version 0.20.1-1-g8b1a95d (webtiles) character file.

66 fortego the Poker (level 4, 0/34 HPs)
             Began as a Merfolk Gladiator on Aug 30, 2017.
             Slain by Hylus's ghost (11 damage)
             ... on level 3 of the Dungeon.
             The game lasted 00:26:20 (1829 turns).

fortego the Poker (Merfolk Gladiator)               Turns: 1829, Time: 00:26:20

Health: 0/34       AC:  7    Str: 15    XL:     4   Next: 15%
Magic:  4/4        EV: 14    Int:  7    God:
Gold:   91         SH:  0    Dex: 15    Spells: 3/3 levels left

rFire    . . .     SeeInvis .   a - +0 trident
rCold    . . .     Gourm    .   (no shield)
rNeg     . . .     Faith    .   l - +0 leather armour
rPois    .         Spirit   .   c - +0 helmet
rElec    .         Reflect  .   (no cloak)
rCorr    .         Harm     .   b - +2 pair of gloves
MR       .....                  (no boots)
Stlth    +.........             (no amulet)
Regen    0.2/turn               (no ring)
MPRegen  0.1/turn               (no ring)

@: no status effects
A: change form in water, swift swim, stealthy swim
a: no special abilities


You were on level 3 of the Dungeon.
You were not hungry.

You visited 1 branch of the dungeon, and saw 3 of its levels.

You collected 91 gold pieces.

Inventory:

Hand Weapons
 a - a +0 trident (weapon)
 o - a cursed -1 hunting sling
Missiles
 d - 3 throwing nets (quivered)
 i - 16 bolts
Armour
 b - a +2 pair of gloves (worn)
 c - a +0 helmet (worn)
 l - a +0 leather armour (worn)
 r - a +0 shield
 u - a +0 leather armour
 w - a +0 robe
Scrolls
 e - 2 scrolls of magic mapping {unknown}
 h - 2 scrolls of identify
 j - a scroll of blinking {unknown}
 q - a scroll of remove curse {unknown}
Potions
 g - 3 potions of curing {unknown}
 k - a potion of ambrosia {unknown}
 m - a potion of magic {unknown}
 n - 4 potions of flight {unknown}
 p - a potion of heal wounds
 s - 2 potions of mutation {unknown}
Comestibles
 f - 3 bread rations
 t - a royal jelly
 v - a meat ration


   Skills:
 + Level 2.5 Fighting
 + Level 5.9 Polearms
 + Level 2.2 Throwing
 + Level 0.1 Armour
 + Level 4.7 Dodging
 + Level 0.2 Stealth


You had 3 spell levels left.
You didn't know any spells.

Dungeon Overview and Level Annotations

Branches:
Dungeon (3/15)

Altars:
Hepliaklqana

Annotations:
D:3 Hylus's ghost, amateur HuBe


Message History

Hylus's ghost hits you.
You closely miss Hylus's ghost.
Hylus's ghost is lightly damaged.
Hylus's ghost hits you!
You barely miss Hylus's ghost.
Hylus's ghost is lightly damaged.
Hylus's ghost hits you.
You puncture Hylus's ghost!
Hylus's ghost is moderately damaged.
Hylus's ghost hits you but does no damage.
You barely miss Hylus's ghost.
Hylus's ghost is moderately damaged.
Hylus's ghost closely misses you.
You hit Hylus's ghost.
Hylus's ghost is heavily damaged.
Hylus's ghost hits you!
You hit Hylus's ghost.
Hylus's ghost is heavily damaged.
Hylus's ghost hits you!
You die...

################
#............?..
#.###.......####
#.#)........#
#.#...@.....#
#....W......#
#...........#
#.............
#..............
#####.#......###...
#............. ..
#.####......... #.#
#..........


You could see Hylus's ghost.

Vanquished Creatures
  An adder (D:2)
  An ooze (D:1)
  A worm (D:2)
  2 ball pythons (D:2)
  6 bats
  4 giant cockroaches
  A goblin (D:1)
  8 hobgoblins
  6 jackals (D:1)
  3 frilled lizards
  9 kobolds
  3 rats
45 creatures vanquished.

Notes
Turn   | Place    | Note
-------+----------+-------------------------------------------
     0 | D:1      | fortego the Merfolk Gladiator began the quest for the Orb.
     0 | D:1      | Reached XP level 1. HP: 16/16 MP: 1/1
    93 | D:1      | Reached XP level 2. HP: 22/22 MP: 2/2
   476 | D:1      | Reached skill level 5 in Polearms
   578 | D:1      | Reached XP level 3. HP: 24/28 MP: 3/3
  1652 | D:2      | Reached XP level 4. HP: 25/34 MP: 4/4
  1666 | D:2      | Found a hazy altar of Hepliaklqana.
  1818 | D:3      | Noticed Hylus's ghost (amateur HuBe)
  1829 | D:3      | Slain by Hylus's ghost

Skill      XL: |  1  2 |
---------------+-------+-----
Polearms       | 5 |  5.9
Fighting       | |  2.5
Throwing       | |  2.2
Armour         | |  0.1
Dodging        | |  4.7
Stealth        | |  0.2

Action                   |  1- 3 |  4- 6 || total
-------------------------+-------+-------++-------
Melee: Trident           |   121 |    16 ||   137
  Use: Potion            |     1 |       ||     1
       Scroll            |     2 |       ||     2
 Stab: Sleeping          |     1 |       ||     1
  Eat: Chunk             |     2 |     1 ||     3
Armor: Leather armour    |    12 |     3 ||    15
       Ring mail         |    30 |       ||    30
Dodge: Dodged            |   111 |     8 ||   119
